 Dungeon Sprint DCSS version 0.16-a0-3803-gd4b2de5 (webtiles) character file.

220 PolkaDot the Grappler (level 5, -11/48 HPs)
             Began as a Draconian Transmuter on Jan 26, 2015.
             Was a Follower of Sif Muna.
             Mangled by an eight-headed hydra (12 damage)
             ... in the Dungeon (Sprint IX: "|||||||||||||||||||||||||||||").
             The game lasted 00:03:26 (590 turns).

PolkaDot the Grappler (Draconian Transmuter)         Turns: 590, Time: 00:03:26

Health: -11/48     AC:  6    Str: 13    XL:     5   Next: 64%
Magic:  9/9        EV: 16    Int: 14    God:    Sif Muna [*.....]
Gold:   0          SH:  0    Dex: 14    Spells: 1 memorised, 7 levels left

rFire  . . .     SeeInvis .       - Unarmed
rCold  . . .     Clarity  .     (armour unavailable)
rNeg   . . .     SustAb   .     (no shield)
rPois  .         Gourm    .     (helmet restricted)
rElec  .         Spirit   .     (no cloak)
rCorr  .         Warding  .     n - +0 pair of gloves
rMut   .         NoTele   +     (no boots)
MR     .....                    (no amulet)
Stlth  +.........               p - +3 ring of dexterity
                                o - +2 ring of evasion

@: very slightly contaminated, invisible, not resistant to hostile enchantments,
very unstealthy
A: unfitting armour, cold-blooded, AC +5
a: Channel Energy, Renounce Religion


You were in the Dungeon.
You worshipped Sif Muna.
Sif Muna was aware of your devotion.
You were not hungry.

You visited 1 branch

Inventory:

Missiles
 b - 12 arrows
Armour
 n - a +0 pair of gloves (worn)
Jewellery
 o - a +2 ring of evasion (left hand)
 p - a +3 ring of dexterity (right hand)
Magical devices
 m - a wand of cold (7)
Scrolls
 j - 2 scrolls of blinking
 k - 3 scrolls of remove curse
 l - 2 scrolls of amnesia
Potions
 e - 5 potions of curing
 f - 2 potions of heal wounds
 g - a potion of haste
 h - 4 potions of magic
Books
 d - a book of Changes

   Spells                             Type                      Level
   a - Beastly Appendage              Transmutation                1
   b - Sticks to Snakes               Transmutation                2
   c - Spider Form                    Transmutation/Poison         3
   d - Ice Form                       Ice/Transmutation            4
   e - Blade Hands                    Transmutation                5
Comestibles
 a - a bread ration
 i - 10 chunks of flesh


   Skills:
 + Level 5.5 Fighting
 + Level 5.0 Dodging
 * Level 8.2 Unarmed Combat
 - Level 2.0 Spellcasting
 + Level 5.6 Transmutations


You had 7 spell levels left.
You knew the following spells:

 Your Spells              Type           Power        Failure   Level  Hunger
a - Beastly Appendage     Trmt           ###...       2%          1    ##.....


Dungeon Overview and Level Annotations

Branches:
Dungeon (1/1)

Altars:
Cheibriados
Dithmenos
Elyvilon
Fedhas
Gozag
Kikubaaqudgha
Makhleb
Nemelex Xobeh
Okawaru
Qazlal
Ru
Sif Muna
Trog
Vehumet
Xom
Yredelemnul
Zin
The Shining One
Beogh
Jiyva
Lugonu


Innate Abilities, Weirdness & Mutations

Your plain brown scales are hard (AC +5).
Your body does not fit into most forms of armour.
Your cold-blooded metabolism reacts poorly to cold.


Message History

The eight-headed hydra barely misses you.
The eight-headed hydra completely misses you.
The eight-headed hydra bites you but does no damage.
The eight-headed hydra barely misses you.
The eight-headed hydra bites you! x2
* * * LOW HITPOINT WARNING * * *
You hit the eight-headed hydra. You tail-slap the eight-headed hydra.
The eight-headed hydra is lightly wounded.
The eight-headed hydra misses you.
The eight-headed hydra bites you but does no damage.
The eight-headed hydra closely misses you.
The eight-headed hydra barely misses you.
The eight-headed hydra bites you!
* * * LOW HITPOINT WARNING * * *
The eight-headed hydra bites you.
* * * LOW HITPOINT WARNING * * *
The eight-headed hydra bites you.
* * * LOW HITPOINT WARNING * * *
The eight-headed hydra bites you!
You die... ▓▓▓▓▓▓▓▓▓▓▓▓▓▓▓▓▓▓▓▓▓▓▓▓▓ '..|).[[..'))÷..@DTl.Oz.+ ▓▓▓▓▓▓▓▓▓▓▓▓▓▓▓▓▓▓▓▓▓▓▓▓▓

You could see an eight-headed hydra, a skeletal warrior, a troll, a two-headed ogre and an iguana.

Vanquished Creatures
  A giant frog (D)
  A gnoll sergeant (D)
  A scorpion (D)
  A crimson imp (D)
  An adder skeleton (D)
  An orc (D)
  A bat skeleton (D)
  A giant cockroach (D)
  2 hobgoblins (D)
  A jackal (D)
  A goblin (D)
  4 rats (D)
16 creatures vanquished.

Vanquished Creatures (others)
  A spatial maelstrom (D)
1 creature vanquished.

Grand Total: 17 creatures vanquished

Notes
Turn   | Place    | Note
--------------------------------------------------------------
     0 | D        | PolkaDot, the Draconian Transmuter, began the quest for the Orb.
     0 | D        | Reached XP level 1. HP: 16/16 MP: 3/3
    10 | D        | Banished a spatial maelstrom
    97 | D        | Noticed a crimson imp
   105 | D        | Reached skill level 4 in Unarmed Combat
   114 | D        | Reached XP level 2. HP: 16/24 MP: 4/4
   139 | D        | Killed a crimson imp
   139 | D        | Reached skill level 5 in Unarmed Combat
   139 | D        | Reached XP level 3. HP: 15/31 MP: 6/6
   295 | D        | Found a glowing silver altar of Zin.
   295 | D        | Found a glowing golden altar of the Shining One.
   295 | D        | Found an ancient bone altar of Kikubaaqudgha.
   295 | D        | Found a basalt altar of Yredelemnul.
   295 | D        | Found a shimmering altar of Xom.
   295 | D        | Found a radiant altar of Vehumet.
   295 | D        | Found an iron altar of Okawaru.
   296 | D        | Found a burning altar of Makhleb.
   297 | D        | Found a deep blue altar of Sif Muna.
   298 | D        | Found a bloodstained altar of Trog.
   299 | D        | Found a sparkling altar of Nemelex Xobeh.
   300 | D        | Found a white marble altar of Elyvilon.
   301 | D        | Found a roughly hewn altar of Beogh.
   302 | D        | Found a viscous altar of Jiyva.
   303 | D        | Found a corrupted altar of Lugonu.
   304 | D        | Found a blossoming altar of Fedhas.
   305 | D        | Found a snail-covered altar of Cheibriados.
   306 | D        | Found a shadowy altar of Dithmenos.
   307 | D        | Found a stormy altar of Qazlal.
   308 | D        | Found an opulent altar of Gozag.
   309 | D        | Found a sacrificial altar of Ru.
   324 | D        | Became a worshipper of Sif Muna the Loreminder
   363 | D        | Noticed a gnoll sergeant
   363 | D        | Noticed a scorpion
   363 | D        | Noticed a giant frog
   380 | D        | Killed a gnoll sergeant
   380 | D        | Reached skill level 6 in Unarmed Combat
   380 | D        | Reached XP level 4. HP: 23/40 MP: 7/7
   389 | D        | Killed a scorpion
   389 | D        | Reached skill level 7 in Unarmed Combat
   389 | D        | Reached skill level 5 in Transmutations
   389 | D        | Reached XP level 5. HP: 25/47 MP: 9/9
   392 | D        | Killed a giant frog
   392 | D        | Acquired Sif Muna's first power
   392 | D        | Reached skill level 5 in Fighting
   392 | D        | Reached skill level 5 in Dodging
   392 | D        | Reached skill level 8 in Unarmed Combat
   587 | D        | Noticed an eight-headed hydra
   587 | D        | Noticed a troll
   587 | D        | Noticed an iguana
   587 | D        | Noticed a two-headed ogre
   587 | D        | Noticed a skeletal warrior
   590 | D        | HP: 1/48 [eight-headed hydra (5)]
   590 | D        | Mangled by an eight-headed hydra

Action                   |  1- 3 |  4- 6 || total
-------------------------+-------+-------++-------
Melee: Unarmed           |    64 |    10 ||    74
 Cast: Beastly Appendage |     2 |       ||     2
  Use: Potion            |     2 |     2 ||     4
